General information
- name: BNet
- type: Ladder team game (AT/RT)
- host: Battle.net
- saver: sc2no.wc4yes
map: DragonFalls
- players: 8
- length: 20:37
- speed: Fast
- version: 1.24 W3XP
- replay type: Public
» download(135 KB)
Players
team 1 (loser)

»
itsallover (
pink | 51 APM | 1053 actions | 20:33)
3 Far Seer
2 Feral Spirit
1 Chain Lighting
1 Shadow Hunter
1 Healing Wave
» actions
| Assign group hotkey | 17 | |
| Basic commands | 107 | |
| Build / train | 50 | |
| Enter build submenu | 29 | |
| Enter hero's abilities submenu | 4 | |
| Remove unit from queue | 1 | |
| Right click | 340 | |
| Select / deselect | 312 | |
| Select group hotkey | 144 | |
| Use ability | 49 | |
1053 total
» units
| Peon | 15 | |
| Grunt | 6 | |
| Shaman | 6 | |
| Tauren | 7 | |
34 total
» upgrades
| Reinforced Defenses | 1 | |
| Shaman Training | 2 | |
| Melee Weapons | 2 | |
| Armor | 1 | |
| Pulverize | 1 | |
7 total
» buildings
| Orc Burrow | 7 | |
| Altar of Storms | 1 | |
| Barracks | 2 | |
| Stronghold | 1 | |
| Great Hall | 2 | |
| War Mill | 1 | |
| Fortress | 1 | |
| Watch Tower | 10 | |
| Spirit Lodge | 2 | |
| Tauren Totem | 3 | |
| Voodoo Lounge | 1 | |
31 total
» build order
00:22 Orc Burrow
01:17 Altar of Storms
01:28 Barracks
01:37 Barracks
01:52 Orc Burrow
02:20 Orc Burrow
04:52 Stronghold
05:25 Great Hall
05:49 War Mill
06:29 Orc Burrow
06:33 Orc Burrow
07:39 Fortress
08:26 Watch Tower
08:37 Watch Tower
08:48 Watch Tower
08:53 Watch Tower
09:06 Spirit Lodge
09:43 Spirit Lodge
10:15 Tauren Totem
10:18 Tauren Totem
10:21 Tauren Totem
13:20 Orc Burrow
13:54 Orc Burrow
14:45 Voodoo Lounge
16:35 Watch Tower
16:39 Watch Tower
16:50 Watch Tower
17:24 Watch Tower
17:27 Watch Tower
17:38 Watch Tower
19:07 Great Hall

»
loz27 (
yellow | 36 APM | 745 actions | 20:29)
4 Blademaster
2 Wind Walk
2 Critical Strike
» actions
| Basic commands | 8 | |
| Build / train | 35 | |
| Enter build submenu | 18 | |
| Enter hero's abilities submenu | 4 | |
| Right click | 270 | |
| Select / deselect | 366 | |
| Use ability | 42 | |
745 total
» units
| Peon | 9 | |
| Grunt | 3 | |
| Troll Headhunter/Berserker | 1 | |
| Wind Rider | 12 | |
| Troll Batrider | 3 | |
28 total
» upgrades
» buildings
| Barracks | 2 | |
| Altar of Storms | 1 | |
| Orc Burrow | 11 | |
| War Mill | 1 | |
| Watch Tower | 7 | |
| Stronghold | 1 | |
| Beastiary | 2 | |
| Voodoo Lounge | 1 | |
26 total
» build order
00:25 Barracks
00:41 Altar of Storms
00:56 Orc Burrow
00:57 Orc Burrow
01:30 War Mill
02:12 Barracks
02:24 Orc Burrow
04:22 Watch Tower
04:23 Watch Tower
05:44 Stronghold
06:49 Watch Tower
06:50 Watch Tower
06:51 Watch Tower
08:09 Beastiary
08:10 Beastiary
09:07 Watch Tower
09:08 Watch Tower
09:30 Orc Burrow
09:32 Orc Burrow
12:08 Orc Burrow
12:09 Orc Burrow
12:54 Voodoo Lounge
18:21 Orc Burrow
18:22 Orc Burrow
18:26 Orc Burrow
18:27 Orc Burrow
Treesaremyarmy (
green | 29 APM | 589 actions | 20:35)
1 Warden
1 Fan of Knives
» actions
| Assign group hotkey | 11 | |
| Basic commands | 2 | |
| Build / train | 55 | |
| Enter build submenu | 35 | |
| Enter hero's abilities submenu | 1 | |
| Right click | 183 | |
| Select / deselect | 212 | |
| Select group hotkey | 23 | |
| Use ability | 67 | |
589 total
» units
» upgrades
» buildings
| Hunter's Hall | 1 | |
| Moon Well | 6 | |
| Altar of Elders | 1 | |
| Ancient of Wonders | 2 | |
| Ancient Protector | 22 | |
| Tree of Ages | 1 | |
| Ancient of Wind | 2 | |
35 total
» build order
00:07 Hunter's Hall
00:09 Moon Well
01:14 Altar of Elders
01:27 Ancient of Wonders
01:48 Moon Well
02:30 Ancient Protector
02:46 Ancient Protector
02:52 Ancient Protector
03:13 Ancient Protector
03:41 Ancient Protector
03:50 Ancient Protector
03:54 Ancient of Wonders
04:18 Tree of Ages
04:38 Ancient Protector
05:11 Moon Well
05:24 Ancient Protector
05:41 Ancient Protector
05:54 Ancient Protector
06:24 Ancient Protector
07:41 Ancient of Wind
08:29 Ancient of Wind
09:12 Ancient Protector
09:46 Ancient Protector
09:54 Ancient Protector
10:16 Moon Well
10:36 Ancient Protector
11:19 Moon Well
11:35 Ancient Protector
13:06 Moon Well
19:06 Ancient Protector
19:08 Ancient Protector
19:11 Ancient Protector
19:13 Ancient Protector
19:16 Ancient Protector
19:19 Ancient Protector
» items
| Potion of Healing | 1 | |
| Scroll of Town Portal | 1 | |
2 total
DeMoNHuNTaH (
orange | 86 APM | 1749 actions | 20:20)
4 Keeper of the Grove
2 Entangling Roots
2 Thorns Aura
1 Priestess of the Moon
1 Searing Arrows
» actions
| Assign group hotkey | 68 | |
| Basic commands | 114 | |
| Build / train | 67 | |
| Enter build submenu | 17 | |
| Enter hero's abilities submenu | 5 | |
| Remove unit from queue | 1 | |
| Right click | 496 | |
| Select / deselect | 174 | |
| Select group hotkey | 769 | |
| Use ability | 38 | |
1749 total
» units
| Wisp | 16 | |
| Archer | 12 | |
| Druid of the Talon | 4 | |
| Dryad | 4 | |
| Hippogryph | 4 | |
40 total
» upgrades
| Moon Armor | 2 | |
| Strength of the Moon | 1 | |
| Improved Bows | 1 | |
| Ultravision | 1 | |
| Nature's Blessing | 1 | |
| Reinforced Hides | 3 | |
| Abolish Magic | 1 | |
| Druid of the Talon Training | 1 | |
| Strength of the Wild | 1 | |
| Marksmanship | 1 | |
13 total
» buildings
| Altar of Elders | 1 | |
| Moon Well | 5 | |
| Ancient of War | 2 | |
| Tree of Ages | 1 | |
| Hunter's Hall | 1 | |
| Ancient of Wind | 1 | |
| Ancient of Lore | 1 | |
| Tree of Eternity | 1 | |
| Ancient of Wonders | 2 | |
| Ancient Protector | 2 | |
17 total
» build order
03:30 Altar of Elders
03:45 Moon Well
04:03 Ancient of War
05:20 Moon Well
05:24 Moon Well
07:33 Tree of Ages
07:37 Hunter's Hall
08:19 Moon Well
09:22 Ancient of War
10:06 Ancient of Wind
10:14 Ancient of Lore
10:20 Moon Well
12:52 Tree of Eternity
14:58 Ancient of Wonders
16:49 Ancient Protector
16:51 Ancient Protector
18:10 Ancient of Wonders
» items
| Scroll of Town Portal | 2 | |
| Scroll of Protection | 1 | |
| Scroll of Speed | 1 | |
4 total
team 2 (winner)

»
sc2no.wc4yes (
purple | 72 APM | 1477 actions | 20:37)
6 Death Knight
3 Death Coil
3 Unholy Aura
5 Lich
3 Frost Nova
2 Dark Ritual
» actions
| Assign group hotkey | 109 | |
| Basic commands | 40 | |
| Build / train | 66 | |
| ESC pressed | 2 | |
| Enter build submenu | 17 | |
| Enter hero's abilities submenu | 11 | |
| Give item / drop item | 1 | |
| Right click | 654 | |
| Select / deselect | 203 | |
| Select group hotkey | 305 | |
| Use ability | 69 | |
1477 total
» units
| Acolyte | 8 | |
| Ghoul | 6 | |
| Obsidian Statue | 2 | |
| Frost Wyrm | 3 | |
| Goblin Shredder | 1 | |
| Goblin Zeppelin | 2 | |
| Crypt Fiend | 1 | |
23 total
» upgrades
| Creature Attack | 3 | |
| Creature Carapace | 2 | |
| Destroyer Form | 2 | |
| Freezing Breath | 1 | |
| Web | 1 | |
9 total
» buildings
| Crypt | 1 | |
| Ziggurat | 8 | |
| Altar of Darkness | 1 | |
| Halls of the Dead | 2 | |
| Necropolis | 1 | |
| Graveyard | 1 | |
| Black Citadel | 2 | |
| Sacrificial Pit | 1 | |
| Tomb of Relics | 1 | |
| Slaughterhouse | 1 | |
| Boneyard | 3 | |
| Spirit Tower | 2 | |
| Nerubian Tower | 2 | |
26 total
» build order
00:06 Crypt
00:06 Ziggurat
00:34 Altar of Darkness
01:17 Ziggurat
03:16 Halls of the Dead
03:16 Halls of the Dead
04:22 Necropolis
04:27 Graveyard
05:37 Black Citadel
05:38 Black Citadel
05:41 Sacrificial Pit
05:51 Ziggurat
05:52 Tomb of Relics
07:01 Slaughterhouse
07:11 Ziggurat
07:12 Ziggurat
07:13 Ziggurat
08:07 Boneyard
08:08 Boneyard
08:09 Boneyard
11:06 Ziggurat
11:07 Ziggurat
13:18 Spirit Tower
13:26 Nerubian Tower
19:00 Spirit Tower
» items
| Boots of Speed | 4 | |
| Scroll of Town Portal | 5 | |
| Staff of Teleportation | 1 | |
| Orb of Corruption | 1 | |
11 total

»
AboutToTakeCrap (
teal | 48 APM | 994 actions | 20:36)
5 Dreadlord
3 Sleep
2 Vampiric Aura
» actions
| Assign group hotkey | 13 | |
| Basic commands | 7 | |
| Build / train | 58 | |
| Enter build submenu | 25 | |
| Enter hero's abilities submenu | 5 | |
| Give item / drop item | 1 | |
| Remove unit from queue | 2 | |
| Right click | 432 | |
| Select / deselect | 183 | |
| Select group hotkey | 228 | |
| Use ability | 40 | |
994 total
» units
» upgrades
| Unholy Strength | 2 | |
| Unholy Armor | 2 | |
| Ghoul Frenzy | 1 | |
5 total
» buildings
| Crypt | 3 | |
| Altar of Darkness | 1 | |
| Ziggurat | 18 | |
| Nerubian Tower | 2 | |
| Graveyard | 1 | |
| Halls of the Dead | 2 | |
| Spirit Tower | 6 | |
| Black Citadel | 2 | |
| Necropolis | 1 | |
36 total
» build order
00:55 Crypt
00:57 Altar of Darkness
01:01 Ziggurat
01:09 Crypt
01:41 Ziggurat
01:55 Nerubian Tower
01:55 Nerubian Tower
02:57 Graveyard
04:17 Halls of the Dead
04:17 Halls of the Dead
07:49 Ziggurat
07:51 Ziggurat
07:52 Ziggurat
07:53 Ziggurat
07:54 Ziggurat
07:55 Ziggurat
07:57 Ziggurat
08:10 Ziggurat
08:14 Ziggurat
08:15 Ziggurat
10:20 Spirit Tower
10:23 Spirit Tower
10:23 Spirit Tower
10:25 Ziggurat
10:29 Ziggurat
11:38 Spirit Tower
11:51 Black Citadel
12:00 Necropolis
12:45 Ziggurat
12:48 Ziggurat
12:50 Ziggurat
12:52 Ziggurat
15:37 Crypt
» items
| Boots of Speed | 1 | |
| Scroll of Protection | 1 | |
| Staff of Teleportation | 1 | |
| Orb of Corruption | 1 | |
| Potion of Healing | 1 | |
5 total

»
buzztails (
red | 29 APM | 595 actions | 20:36)
6 Keeper of the Grove
3 Entangling Roots
2 Thorns Aura
1 Tranquility
» actions
| Basic commands | 3 | |
| Build / train | 58 | |
| Enter build submenu | 16 | |
| Enter hero's abilities submenu | 5 | |
| Right click | 301 | |
| Select / deselect | 163 | |
| Use ability | 49 | |
595 total
» units
» upgrades
| Ultravision | 1 | |
| Sentinel | 1 | |
| Strength of the Moon | 1 | |
| Moon Armor | 1 | |
| Abolish Magic | 1 | |
| Strength of the Wild | 2 | |
| Reinforced Hides | 2 | |
| Well Spring | 1 | |
10 total
» buildings
| Moon Well | 7 | |
| Ancient of War | 1 | |
| Altar of Elders | 1 | |
| Hunter's Hall | 1 | |
| Tree of Ages | 1 | |
| Ancient of Wonders | 1 | |
| Tree of Eternity | 1 | |
| Ancient of Lore | 2 | |
15 total
» build order
00:35 Moon Well
01:17 Ancient of War
01:30 Altar of Elders
01:37 Hunter's Hall
01:51 Moon Well
02:30 Moon Well
04:02 Moon Well
06:23 Tree of Ages
07:10 Ancient of Wonders
09:12 Moon Well
09:19 Tree of Eternity
09:25 Ancient of Lore
09:30 Ancient of Lore
11:17 Moon Well
12:23 Moon Well
» items
| Orb of Venom | 1 | |
| Moonstone | 1 | |
| Scroll of Town Portal | 2 | |
4 total
Souseupesadelo2 (
blue | 41 APM | 853 actions | 20:36)
6 Warden
3 Shadow Strike
2 Blink
1 Spirit of Vengeance
» actions
| Basic commands | 2 | |
| Build / train | 81 | |
| Enter build submenu | 19 | |
| Enter hero's abilities submenu | 7 | |
| Give item / drop item | 4 | |
| Remove unit from queue | 3 | |
| Right click | 352 | |
| Select / deselect | 316 | |
| Use ability | 69 | |
853 total
» units
| Wisp | 21 | |
| Archer | 9 | |
| Dryad | 10 | |
| Hippogryph | 17 | |
57 total
» upgrades
| Strength of the Wild | 2 | |
| Reinforced Hides | 2 | |
| Abolish Magic | 1 | |
| Strength of the Moon | 2 | |
| Moon Armor | 1 | |
8 total
» buildings
| Altar of Elders | 1 | |
| Moon Well | 11 | |
| Ancient of War | 1 | |
| Ancient of Wonders | 1 | |
| Hunter's Hall | 1 | |
| Tree of Life | 1 | |
| Tree of Ages | 1 | |
| Ancient of Lore | 2 | |
| Ancient of Wind | 1 | |
| Tree of Eternity | 1 | |
21 total
» build order
00:20 Altar of Elders
00:25 Moon Well
00:36 Ancient of War
01:30 Moon Well
02:08 Moon Well
02:21 Ancient of Wonders
03:50 Hunter's Hall
04:39 Tree of Life
04:47 Moon Well
05:44 Moon Well
05:46 Moon Well
06:42 Moon Well
06:44 Tree of Ages
09:14 Ancient of Lore
09:16 Ancient of Lore
11:15 Ancient of Wind
19:07 Tree of Eternity
19:15 Moon Well
19:17 Moon Well
19:22 Moon Well
19:25 Moon Well
» items
| Potion of Healing | 1 | |
| Potion of Mana | 1 | |
| Scroll of Town Portal | 1 | |
| Dust of Appearance | 1 | |
4 total
Chat log
(00:39 / Allies) Souseupesadelo2: hi
(01:09 / Allies) buzztails: hunts
(03:08 / All) sc2no.wc4yes: out
(04:19 / All) AboutToTakeCrap: LAG
(04:19 / All) AboutToTakeCrap: LAG
(04:21 / All) AboutToTakeCrap: LAG
(04:30 / All) sc2no.wc4yes: i stab for less
(04:32 / Allies) AboutToTakeCrap: I DONT NEED UR HELP
(04:45 / All) DeMoNHuNTaH: ic
(11:18 / Allies) sc2no.wc4yes: im right here with you huntress boy
(11:35 / Allies) sc2no.wc4yes: charge?
(11:42 / Allies) sc2no.wc4yes: kill that
(12:45 / All) DeMoNHuNTaH: ic
(12:48 / Allies) sc2no.wc4yes: they have mass unmounts
(14:03 / All) sc2no.wc4yes: another gimmick name breaking his gimmick rules on my account
(14:05 / All) sc2no.wc4yes: well see how it goes
(16:38 / Allies) sc2no.wc4yes: you cant win with fucking ghouls
(16:42 / Allies) sc2no.wc4yes: get a real army or leave
(16:53 / Allies) sc2no.wc4yes: you cant win with 55 food and 3000 gold
(16:55 / Allies) sc2no.wc4yes: get ar eal army or leave
(18:50 / All) sc2no.wc4yes: break your gimmick rules and still lose
(18:52 / All) sc2no.wc4yes: up your ass
(18:54 / All) Souseupesadelo2: gg
(20:02 / All) DeMoNHuNTaH: bitch
(20:06 / All) AboutToTakeCrap: luls!
(20:25 / All) sc2no.wc4yes: gimmick rule breaker
(20:26 / All) sc2no.wc4yes: down
(20:28 / All) sc2no.wc4yes: legit pro gaemer up
(20:33 / Allies) AboutToTakeCrap: purp little slut
(20:35 / Allies) AboutToTakeCrap: fuck u